 Dungeon Crawl Stone Soup version 0.16-a0-3425-gb4a0a08 (webtiles) character file.

551387 Minkie the Impregnable (level 25, -4/243 HPs)
             Began as a Minotaur Berserker on Dec 31, 2014.
             Was the Champion of Trog.
             Killed from afar by a spellforged servitor (66 damage)
             ... with a crystal spear
             ... summoned by an ancient lich
             ... on level 5 of the Realm of Zot.
             The game lasted 06:27:01 (53000 turns).

Minkie the Impregnable (Minotaur Berserker)        Turns: 53000, Time: 06:27:02

Health: -4/243     AC: 40    Str: 24    XL:     25   Next: 6%
Magic:  21/35      EV: 20    Int:  4    God:    Trog [******]
Gold:   4963       SH:  0    Dex: 19    Spells: 0 memorised, 24 levels left

rFire  + + .     SeeInvis +     r - +11 great mace of Greed {vamp, rPois rC+ MR+} (curse)
rCold  + + +     Clarity  +     v - +1 gold dragon armour "Datz" {rPois rF+ rC+ Str+2}
rNeg   + . .     SustAb   +     (no shield)
rPois  +         Gourm    .     V - +2 hat of Sihuawil {rPois rF+ rCorr}
rElec  .         Spirit   .     X - +2 cloak {rC+}
rCorr  +         Warding  .     m - +2 pair of gloves "Pnorarat" {+Blink +Fly rN+}
rMut   .         Stasis   .     H - +2 pair of boots
MR     ++++.     NoCast   +     y - amulet of clarity
Stlth  ..........               l - ring "Oklus" {SustAb -Cast Int+1 SInv}
                                b - +3 ring of slaying

@: exhausted, regenerating, slowed, very slow, incredibly resistant to hostile
enchantments, extremely unstealthy
A: retaliatory headbutt, horns 2, blurry vision 1, cold resistance 1,
deterioration 1, dopey 1, low mp 1, regeneration 1, spit poison 2, weak 1,
forlorn
a: Spit Poison, Burn Spellbooks, Berserk, Trog's Hand, Brothers in Arms,
Renounce Religion, Evoke Blink, Evoke Flight
}: 3/15 runes: decaying, serpentine, silver


You were on level 5 of the Realm of Zot.
You worshipped Trog.
Trog was exalted by your worship.
You were not hungry.

You visited 8 branches of the dungeon, and saw 49 of its levels.
You visited 1 bazaar.
You also visited: Labyrinth, Ossuary and Ice Cave.

You collected 6572 gold pieces.
You spent 1609 gold pieces at shops.

Inventory:

Hand weapons
 r - the cursed +11 great mace of Greed (weapon) {vamp, rPois rC+ MR+}
   (Trog gifted it to you on level 13 of the Dungeon)

   It inflicts no extra harm, but heals its wielder somewhat when it strikes a
   living foe.
   It protects you from cold.
   It protects you from poison.
   It affects your resistance to hostile enchantments.
   It has a curse placed upon it.
Armour
 m - the +2 pair of gloves "Pnorarat" (worn) {+Blink +Fly rN+}
   (You acquired it on level 5 of the Snake Pit)

   It protects you from negative energy.
   It lets you fly.
   It lets you blink.
 v - the +1 gold dragon armour "Datz" (worn) {rPois rF+ rC+ Str+2}
   (You found it on level 5 of the Vaults)

   It affects your strength (+2).
   It protects you from fire.
   It protects you from cold.
   It protects you from poison.
 H - a +2 pair of boots (worn)
 V - the +2 hat of Sihuawil (worn) {rPois rF+ rCorr}
   (You found it on level 3 of the Vaults)

   It protects you from fire.
   It protects you from poison.
   It protects you from acid and corrosion.
 X - a +2 cloak of cold resistance (worn)
Jewellery
 b - a +3 ring of slaying (left hand)
 l - the ring "Oklus" (right hand) {SustAb -Cast Int+1 SInv}
   (You found it on level 4 of the Vaults)

   [ring of sustain abilities]

   It sustains your strength, intelligence and dexterity.
   It affects your intelligence (+1).
   It enhances your eyesight.
   It prevents spellcasting.
 p - an uncursed ring of protection from cold
 y - an amulet of clarity (around neck)
 U - an uncursed ring of fire
Magical devices
 a - a wand of hasting (3)
 e - a wand of lightning (6)
 g - a wand of frost (26)
 j - a wand of invisibility (3)
 s - a wand of digging (8)
 t - a wand of cold (7)
 Q - a wand of digging (10)
 R - a wand of teleportation (4)
Scrolls
 d - 20 scrolls of remove curse
 f - 9 scrolls of blinking
 h - 2 scrolls of summoning
 k - 4 scrolls of fog
 u - 6 scrolls of fear
 A - 12 scrolls of teleportation
 C - a scroll of silence
 G - 2 scrolls of holy word
 I - 5 scrolls of immolation
 K - 8 scrolls of identify
Potions
 o - 17 potions of curing
 x - 5 potions of heal wounds
 z - 6 potions of restore abilities
 B - 10 potions of agility
 L - 5 potions of haste
 M - 4 potions of cancellation
 N - 7 potions of invisibility
 S - 2 potions of resistance
 W - 8 potions of might
Comestibles
 c - 28 bread rations
 i - 9 slices of pizza
 n - 4 chunks of flesh
 q - 2 fruits
 J - 6 royal jellies


   Skills:
 + Level 23.0 Fighting
 - Level 20.0 Maces & Flails
 + Level 23.9 Armour
 + Level 22.6 Dodging
 + Level 20.4 Evocations


You had 24 spell levels left.
You didn't know any spells.

Dungeon Overview and Level Annotations

Branches:
Dungeon (15/15)            Temple (0/1) D:4            Lair (5/8) D:9
  Swamp (5/5) Lair:3        Snake (5/5) Lair:5          Orc (4/4) D:12
    Elf (0/3) Orc:3        Vaults (5/5) D:14          Crypt (0/3) Vaults:2
 Depths (5/5) D:15            Zot (5/5) Depths:5

Altars:
Ashenzari
Dithmenos
Elyvilon
Fedhas
Makhleb
Nemelex Xobeh
Okawaru
Zin
The Shining One

Shops:
D:7 ((!*   D:15 *   Orc:4 [[%!   Snake:5 [   Vaults:2 }   Depths:5 *

Portals:
Hell: Depths:1 Depths:2 Depths:3 Depths:4
Abyss: Depths:4
Pandemonium: Depths:3
Ziggurat: Depths:1 Depths:4
Trove: Vaults:3 (lose all piety)

Annotations:
Lair:3 exclusion: oklob plant


Innate Abilities, Weirdness & Mutations

You reflexively headbutt those who attack you in melee.
You have a pair of horns on your head.
Scrolls take you a little longer to read.
Your flesh is cold resistant.
Your body is slowly deteriorating.
You are dopey. (Int -2)
Your magical capacity is low (-10% MP).
Your natural rate of healing is unusually fast.
You can spit moderately strong poison.
You are weak. (Str -2)
You have difficulty communicating with the divine.


Message History

The spellforged servitor gestures next to you while chanting.
The wall shatters!
The blast of rock fragments hits you!
You feel a strong urge to attack something.
You are no longer berserk.
You are exhausted.
You feel yourself slow down.
You thump the ancient lich!
The ancient lich is lightly damaged.
The ancient lich points at you and mumbles some strange words.
The crystal spear hits you!
The spellforged servitor conjures an orb of pure magic.
The wavering orb of destruction weakly hits you!
* * * LOW HITPOINT WARNING * * *
Read which item? (? for menu, Esc to quit)
The ancient lich touches you but does no damage.
The ancient lich barely misses you. You furiously retaliate!
You headbutt the ancient lich.
The spellforged servitor casts a spell at you.
The crystal spear hits you!
You die...

#...(....)......# ##.........
##.............## ##.......... *
#.............# ##........... *
##...........## #............ *
#...........# #............ *
##...........## #............ *
#.....).......# #......(..... *
*#...........8.## #............
**#............L@.###............
**...###########...###...........
,,..** ##....##.....*.... ,,***
###.).).......... ***
#▓▓▓▓▓▓▓▓▓▓▓##. ** ****,,,,,,,,..
,*** ***,,,,,,,,,,,.. ,,,**
**,,,,,,,,,,,,,.. ,,,,* *********
*,,,,,,,,,,,,,,,.


You could see an ancient lich and a spellforged servitor.

Vanquished Creatures
  7 orbs of fire (Zot:5)
  3 ancient liches
  Norris (Depths:2)
  3 Killer Klowns
  5 golden dragons
  Jory (Depths:5)
  A bone dragon (Depths:5)
  The ghost of bones the Severer, a mighty DDBe of Okawaru (Vaults:2)
  2 electric golems (Zot:5)
  7 tentacled monstrosities
  An Ice Fiend (IceCv)
  A titan (Vaults:5)
  13 Orb Guardians (Zot:5)
  A lich (Depths:4)
  3 quicksilver dragons (Vaults:5)
  4 sphinxes
  7 tengu reavers
  2 thorn hunters
  8 shadow dragons
  8 storm dragons
  2 draconian monks
  An azure jelly (Swamp:5)
  The ghost of Minkie the Impaler, a mighty MfGl of Kikubaaqudgha (IceCv)
  10 fire giants
  17 vault wardens
  5 draconian scorchers
  3 iron dragons
  3 draconian knights
  7 greater nagas
  Aizul (Snake:3)
  Louise (D:15)
  A ghost moth (Zot:5)
  A draconian zealot (Zot:5)
  3 emperor scorpions
  6 frost giants
  A reaper (Depths:2)
  6 draconian annihilators (Zot:5)
  3 spriggan defenders (Depths:4)
  6 very ugly things
  A draconian shifter (Zot:5)
  14 ironheart preservers
  5 war gargoyles
  3 grey draconians
  9 rakshasas
  2 vampire knights
  19 stone giants
  A draconian caller (Zot:5)
  A salamander firebrand (Depths:4)
  3 deep elf annihilators
  2 deep elf demonologists
  2 black draconians
  3 red draconians
  8 white draconians
  4 mottled draconians
  7 yellow draconians
  3 dire elephants
  8 purple draconians
  A pale draconian (Depths:5)
  5 eidola
  7 ettins
  3 deep elf death magi (Vaults:5)
  29 vault guards
  21 fire dragons
  A jiangshi (Vaults:2)
  3 minotaurs
  7 great orbs of eyes
  10 yaktaur captains
  4 deep elf high priests
  Fannar (Lair:1)
  3 death cobs
  21 naga warriors
  11 hydras
  2 ghost crabs
  3 spriggan air magi
  15 ice dragons
  14 centaur warriors
  11 alligators
  An alligator (shapeshifter) (Depths:4)
  15 deep troll earth magi
  2 tengu warriors
  20 anacondas
  9 deep troll shamans
  16 ogre magi
  4 dancing weapons
  2 hell hogs (Depths:4)
  5 spriggan berserkers
  5 death yaks
  8 shock serpents
  A soul eater (Zot:4)
  2 catoblepae
  10 naga sharpshooters
  A storm dragon zombie (Depths:2)
  6 ice devils
  A death drake (Depths:3)
  6 deep elf knights
  A golden dragon zombie (Depths:2)
  4 giant orange brains
  34 deep trolls
  5 skeletal warriors
  11 wizards
  A spriggan druid (Swamp:4)
  6 hell knights (Depths:3)
  A swamp dragon (shapeshifter) (Vaults:5)
  4 shadow wraiths
  4 swamp dragons
  3 salamander mystics
  11 naga ritualists
  2 unseen horrors
  5 flayed ghosts
  An ice statue (IceCv)
  2 deep elf summoners
  A spectral hydra (Depths:3)
  8 orc knights
  8 ironbrand convokers
  7 necromancers
  A harpy (shapeshifter) (Depths:1)
  8 deep elf conjurers
  10 hill giants
  11 mana vipers
  3 phantasmal warriors
  2 griffons
  50 ugly things
  9 red wasps
  2 orc sorcerers (Vaults:5)
  6 wolf spiders
  A red wasp (shapeshifter) (Depths:1)
  A water nymph (shapeshifter) (Vaults:5)
  A moth of wrath (shapeshifter) (Depths:5)
  A fire giant zombie (Vaults:3)
  24 salamanders
  5 manticores
  13 moths of wrath
  A salamander (shapeshifter) (Vaults:5)
  4 cyclopes
  39 black mambas
  A fire giant skeleton (Depths:2)
  16 guardian serpents
  4 centaur zombies
  A black mamba (shapeshifter) (Depths:3)
  An elephant (D:9)
  19 spiny frogs
  A molten gargoyle (Lair:5)
  An octopode (shapeshifter) (Vaults:2)
  19 naga magi
  3 torpor snails
  19 vault sentinels
  2 orange crystal statues (Depths:3)
  A centaur skeleton (D:14)
  3 gargoyles
  4 komodo dragons
  A yellow draconian zombie (Zot:5)
  A spiny frog (shapeshifter) (Vaults:3)
  2 kobold demonologists
  An orange demon (Zot:3)
  56 yaktaurs
  A golden dragon simulacrum (IceCv)
  A fire drake (Lair:4)
  A komodo dragon (shapeshifter) (Vaults:3)
  3 human skeletons (Vaults:3)
  A blue devil (Vaults:5)
  4 anaconda simulacra (IceCv)
  A spectral merfolk (Depths:3)
  A death yak skeleton (Depths:2)
  3 deep elf priests
  8 trolls
  6 giant leeches
  A queen bee (shapeshifter) (Vaults:3)
  A two-headed ogre (shapeshifter) (Vaults:2)
  8 freezing wraiths
  2 raiju (shapeshifter)
  45 two-headed ogres
  A harpy skeleton (D:15)
  5 ravens
  7 boulder beetles
  14 baby alligators
  A red wasp zombie (D:15)
  A baby alligator (shapeshifter) (Vaults:4)
  7 bog bodies
  5 raiju (Depths:3)
  A raven (shapeshifter) (Vaults:5)
  A minotaur skeleton (Lab)
  A jumping spider (shapeshifter) (D:15)
  A basilisk (Lab)
  7 slime creatures
  The ghost of Minkie the Skirmisher, an average OgHu (D:3)
  3 blink frogs (Lair:2)
  6 redbacks
  3 vampires (Depths:3)
  16 yaks
  A spriggan (shapeshifter) (D:15)
  6 air elementals (Depths:3)
  A basilisk (shapeshifter) (Depths:3)
  A redback (shapeshifter) (Vaults:5)
  6 spriggans
  2 water elementals (Depths:3)
  3 dire elephant simulacra (IceCv)
  A trapdoor spider (shapeshifter) (Vaults:3)
  A hog (D:7)
  2 deep elf magi
  Eustachio (D:10)
  10 wraiths
  A wyvern (shapeshifter) (Depths:4)
  4 wolves (Depths:3)
  A hungry ghost (D:8)
  6 shadows
  55 nagas
  2 wyverns
  7 deep elf fighters
  A human (D:7)
  3 steam dragons
  8 insubstantial wisps
  Edmund (D:7)
  4 swamp worm simulacra (Swamp:5)
  2 soldier ants (D:13)
  50 vampire mosquitoes
  13 hydra simulacra
  7 hippogriffs
  35 swamp worms
  10 wargs
  4 mottled dragons
  3 spectral trolls (Depths:3)
  2 ettin simulacra (IceCv)
  5 harpy simulacra (IceCv)
  5 spectral spriggans (Depths:3)
  An eye of draining (shapeshifter) (Vaults:1)
  9 porcupines
  A spider (shapeshifter) (Vaults:5)
  32 water moccasins
  A black bear (shapeshifter) (Vaults:2)
  A sky beast (D:14)
  5 yellow wasps
  4 black bears
  11 hell hounds
  22 orc warriors
  2 snapping turtle zombies (Depths:3)
  An eye of draining (D:10)
  8 swamp drakes
  7 ice beasts
  14 boggarts
  59 ogres
  6 crocodiles
  24 centaurs
  Sigmund (D:4)
  6 big kobolds
  A merfolk simulacrum (Depths:3)
  A gnoll sergeant (Lair:1)
  15 giant frogs
  4 scorpions
  2 spectral nagas (Depths:3)
  2 elephant simulacra (IceCv)
  2 spectral ogres (Depths:3)
  2 electric eels
  13 wights
  5 spectral centaurs (Depths:3)
  14 lava snakes
  3 draconian simulacra (IceCv)
  2 giant frog zombies
  3 goliath beetles
  5 quasits
  3 giant frog skeletons
  5 crimson imps
  11 hounds
  4 jellies
  23 orc priests
  10 iguanas
  2 human zombies (Ossuary)
  4 troll simulacra
  28 orc wizards
  A polar bear simulacrum (IceCv)
  8 worker ants
  4 centaur simulacra
  16 sheep
  2 wolf simulacra (IceCv)
  A spriggan simulacrum (IceCv)
  2 big kobold zombies (Ossuary)
  A giant frog simulacrum (D:9)
  5 mummies
  A hound skeleton (D:8)
  20 adders
  7 gnolls
  2 naga simulacra (IceCv)
  4 ogre simulacra (IceCv)
  5 river rats (Lair:3)
  4 shadow imps
  5 white imps
  3 giant mites
  4 ufetubi (IceCv)
  A worm (D:2)
  A giant eyeball (Depths:3)
  4 swamp drake simulacra (Swamp:5)
  An adder skeleton (D:8)
  4 giant geckos
  An ooze (D:7)
  184 orcs
  23 bats
  A bat skeleton (D:6)
  17 hobgoblins
  8 jackals
  12 quokkas
  5 ball pythons
  4 giant cockroaches
  4 giant newts
  A giant spore (D:6)
  19 goblins
  2 goblin zombies (Ossuary)
  37 kobolds
  2 kobold zombies (Ossuary)
  10 rats
  3 ballistomycetes (D:6)
  3 briar patches (Swamp:2)
  A bush (Lair:4)
2259 creatures vanquished.

Vanquished Creatures (collateral kills)
  Asterion (Snake:3)
  Agnes (Swamp:4)
  A hydra (Swamp:4)
  A centaur warrior (D:14)
  An alligator (Swamp:4)
  4 ugly things (D:14)
  A salamander (Snake:4)
  A spiny frog (Swamp:4)
  3 baby alligators (Swamp:4)
  A vampire mosquito (Swamp:4)
  A centaur (D:14)
16 creatures vanquished.

Vanquished Creatures (others)
  An Orb Guardian (Zot:5)
  An eldritch tentacle (Vaults:5)
  A shadow dragon (Vaults:5)
  A draconian scorcher (Zot:5)
  A draconian knight (Zot:3)
  A draconian zealot (Zot:3)
  A rakshasa (Depths:2)
  A deep elf high priest (Depths:4)
  A centaur warrior (D:14)
  A deep troll (Depths:3)
  A swamp dragon (Swamp:5)
  2 moths of wrath (Zot:5)
  A black mamba (Snake:5)
  A naga mage (Snake:5)
  A shadow (Depths:3)
  A swamp worm (Swamp:4)
  A water moccasin (Swamp:5)
  A naga (Snake:5)
  A lost soul (Vaults:5)
  A white imp (IceCv)
  5 ufetubi (IceCv)
  An orc (Orc:3)
  38 eldritch tentacle segments (Vaults:5)
  4 fungi (Depths:3)
  12 plants
81 creatures vanquished.

Grand Total: 2356 creatures vanquished

Notes
Turn   | Place    | Note
--------------------------------------------------------------
     0 | D:1      | Minkie, the Minotaur Berserker, began the quest for the Orb.
     0 | D:1      | Reached XP level 1. HP: 19/19 MP: 1/1
   110 | D:1      | Reached skill level 4 in Fighting
   110 | D:1      | Reached XP level 2. HP: 14/27 MP: 1/1
   855 | D:2      | Reached XP level 3. HP: 30/33 MP: 2/2
  1124 | D:2      | Acquired Trog's second power
  1495 | D:2      | Reached skill level 5 in Maces & Flails
  1618 | D:2      | Reached XP level 4. HP: 31/41 MP: 2/2
  1703 | D:2      | Reached skill level 5 in Fighting
  1861 | D:3      | Noticed Minkie's ghost (average OgHu)
  1993 | D:3      | Killed Minkie's ghost
  1993 | D:3      | Reached skill level 6 in Fighting
  1993 | D:3      | Reached XP level 5. HP: 40/50 MP: 2/2
  1993 | D:3      | Reached XP level 6. HP: 45/57 MP: 3/3
  2727 | D:3      | Reached skill level 7 in Maces & Flails
  3138 | D:4      | Reached XP level 7. HP: 57/66 MP: 3/3
  3143 | D:4      | Acquired Trog's third power
  3273 | D:4      | Found a shadowy altar of Dithmenos.
  3556 | D:4      | Noticed Sigmund
  3570 | D:4      | Killed Sigmund
  3673 | D:4      | Found a staircase to the Ecumenical Temple.
  3737 | D:5      | Entered Level 5 of the Dungeon
  3950 | D:5      | Found a white marble altar of Elyvilon.
  3950 | D:5      | Found a burning altar of Makhleb.
  4087 | D:5      | Reached skill level 8 in Maces & Flails
  4318 | D:5      | Found a blossoming altar of Fedhas.
  5037 | D:6      | Reached XP level 8. HP: 75/75 MP: 3/3
  5046 | D:6      | Found a sand-covered staircase.
  5054 | Ossuary  | Entered an ossuary
  5075 | Ossuary  | Reached skill level 9 in Maces & Flails
  5988 | D:6      | Found a glowing golden altar of the Shining One.
  6212 | D:6      | Reached skill level 10 in Maces & Flails
  6362 | D:7      | Reached skill level 10 in Fighting
  6500 | D:7      | Found Shruetz's Distillery.
  6582 | D:7      | Found Ciedian's Assorted Antiques.
  6594 | D:7      | Bought a twisted scale mail for 243 gold pieces
  6604 | D:7      | Identified the cursed -3 scale mail "Stalas" {rElec rF+} (You bought it in a shop on level 7 of the Dungeon)
  6658 | D:7      | Found Ocaczuo's Weapon Emporium.
  6666 | D:7      | Noticed Edmund
  6679 | D:7      | Killed Edmund
  6679 | D:7      | Reached XP level 9. HP: 86/86 MP: 4/4
  6846 | D:7      | Reached skill level 11 in Maces & Flails
  6900 | D:7      | Found Trownudd's Antique Weapon Boutique.
  6933 | D:7      | Found a sparkling altar of Nemelex Xobeh.
  7077 | D:8      | Received a gift from Trog
  7824 | D:8      | Reached skill level 12 in Maces & Flails
  8116 | D:9      | Found an iron altar of Okawaru.
  8173 | D:9      | Noticed a white ugly thing
  8173 | D:9      | Found a staircase to the Lair.
  8173 | D:9      | Noticed an elephant
  8183 | D:9      | Killed a white ugly thing
  8189 | D:9      | Killed an elephant
  8189 | D:9      | Reached XP level 10. HP: 62/97 MP: 1/4
  8222 | D:9      | Gained mutation: Your spells are a little easier to cast, but a little less powerful. [mutagenic meat]
  8223 | D:9      | Gained mutation: Your spells are easier to cast, but less powerful. [mutagenic meat]
  8224 | D:9      | Gained mutation: You can spit poison. [mutagenic meat]
  8225 | D:9      | Gained mutation: Your muscles are strong. (Str +2) [mutagenic meat]
  9003 | D:9      | Found an iron altar of Okawaru.
  9095 | D:9      | Reached skill level 5 in Armour
  9298 | D:10     | Entered Level 10 of the Dungeon
  9380 | D:10     | Reached skill level 13 in Maces & Flails
  9681 | D:10     | Reached skill level 5 in Dodging
  9936 | D:10     | Noticed Eustachio
  9943 | D:10     | Killed Eustachio
  9972 | D:10     | Noticed a five-headed hydra
  9978 | D:10     | Killed a five-headed hydra
 10193 | D:11     | Noticed a brown ugly thing
 10203 | D:11     | Killed a brown ugly thing
 10326 | D:11     | Reached XP level 11. HP: 85/104 MP: 1/4
 10488 | D:11     | Received a gift from Trog
 10637 | D:11     | Noticed a hill giant
 10642 | D:11     | Killed a hill giant
 10649 | D:11     | Reached skill level 14 in Maces & Flails
 10661 | D:11     | Noticed a cyan ugly thing
 10671 | D:11     | Killed a cyan ugly thing
 10671 | D:11     | Reached skill level 1 in Evocations
 10684 | D:11     | Gained mutation: You are resistant to hostile enchantments. [mutagenic meat]
 10685 | D:11     | Gained mutation: You are dopey. (Int -2) [mutagenic meat]
 10686 | D:11     | Lost mutation: Your muscles are strong. (Str +2) [mutagenic meat]
 10851 | D:11     | Noticed a skeletal warrior
 10872 | D:11     | Killed a skeletal warrior
 10906 | D:11     | Noticed a hill giant
 10915 | D:11     | Killed a hill giant
 11369 | D:12     | Noticed a hill giant
 11374 | D:12     | Killed a hill giant
 11740 | D:12     | Received a gift from Trog
 12133 | D:12     | Found a staircase to the Orcish Mines.
 12234 | D:12     | Noticed a hill giant
 12241 | D:12     | Reached XP level 12. HP: 110/112 MP: 4/13
 12248 | D:12     | Killed a hill giant
 13159 | D:13     | Reached skill level 10 in Armour
 13162 | D:13     | Reached skill level 5 in Evocations
 13175 | D:13     | Reached skill level 15 in Maces & Flails
 13239 | D:13     | Noticed a centaur warrior
 13247 | D:13     | Killed a centaur warrior
 13403 | D:13     | Noticed a centaur warrior
 13405 | D:13     | Noticed a centaur warrior
 13412 | D:13     | Killed a centaur warrior
 13422 | D:13     | Killed a centaur warrior
 13678 | D:13     | Lost mutation: You are dopey. (Int -2) [mutagenic meat]
 13679 | D:13     | Gained mutation: You have a somewhat thin skeletal structure (Dex +2, Stealth). [mutagenic meat]
 13680 | D:13     | Gained mutation: You tend to lose your temper in combat. [mutagenic meat]
 13681 | D:13     | Gained mutation: Armour fits poorly on your strangely shaped body. [mutagenic meat]
 13692 | D:13     | Received a gift from Trog
 13696 | D:13     | Got a translucent great mace {god gift}
 13700 | D:13     | Identified the +11 great mace of Greed {vamp, rPois rC+ MR+} (Trog gifted it to you on level 13 of the Dungeon)
 13788 | D:13     | Noticed a centaur warrior
 13788 | D:13     | Noticed a hill giant
 13794 | D:13     | Killed a hill giant
 13800 | D:13     | Killed a centaur warrior
 13809 | D:13     | Reached skill level 10 in Dodging
 14009 | D:14     | Noticed a fire dragon
 14024 | D:14     | Killed a fire dragon
 14190 | D:14     | Noticed a centaur warrior
 14202 | D:14     | Killed a centaur warrior
 14210 | D:14     | Reached XP level 13. HP: 105/118 MP: 20/20
 14237 | D:14     | Reached skill level 16 in Maces & Flails
 14255 | D:14     | Gained mutation: Your magical capacity is low (-10% MP). [mutagenic meat]
 14256 | D:14     | Gained mutation: You are agile. (Dex +2) [mutagenic meat]
 14257 | D:14     | Lost mutation: Your magical capacity is low (-10% MP). [mutagenic meat]
 14258 | D:14     | Gained mutation: You are partially covered in thin metallic scales (AC +2). [mutagenic meat]
 14259 | D:14     | Lost mutation: You are partially covered in thin metallic scales (AC +2). [mutagenic meat]
 14260 | D:14     | Lost mutation: Armour fits poorly on your strangely shaped body. [mutagenic meat]
 14261 | D:14     | Gained mutation: You are partially covered in yellow scales (AC +2). [mutagenic meat]
 14470 | D:14     | Noticed a centaur warrior
 14479 | D:14     | Killed a centaur warrior
 14691 | D:14     | Got a shimmering shield
 14726 | D:14     | Noticed a vault guard
 14732 | D:14     | Killed a vault guard
 14756 | D:14     | Found a gate to the Vaults.
 14954 | D:14     | Noticed a centaur warrior
 14971 | D:14     | Killed a centaur warrior
 15234 | D:15     | Entered Level 15 of the Dungeon
 15276 | D:15     | Found Ziokang's Demolitions Depot.
 15353 | D:15     | Found a glowing silver altar of Zin.
 15561 | D:15     | Noticed Louise
 15579 | D:15     | Killed Louise
 15579 | D:15     | Reached skill level 17 in Maces & Flails
 15699 | D:15     | Found a staircase to the Depths.
 15748 | D:15     | Received a gift from Trog
 16105 | Lair:1   | Entered Level 1 of the Lair of Beasts
 16360 | Lair:1   | Noticed Fannar
 16380 | Lair:1   | Killed Fannar
 16593 | Lair:1   | Reached XP level 14. HP: 123/126 MP: 22/22
 17898 | Lair:3   | Found a staircase to the Swamp.
 17923 | Swamp:1  | Entered Level 1 of the Swamp
 18853 | Swamp:2  | Reached skill level 18 in Maces & Flails
 19060 | Swamp:2  | Noticed a thorn hunter
 19072 | Swamp:2  | Killed a thorn hunter
 19722 | Swamp:3  | Reached skill level 10 in Evocations
 20172 | Swamp:3  | Received a gift from Trog
 20175 | Swamp:3  | Got a shimmering great mace {god gift}
 20177 | Swamp:3  | Identified a scroll of acquirement
 20178 | Swamp:3  | Identified the +4 great mace of Nosati {antimagic, -Cast +Blink rPois Str+4 Int-1} (Trog gifted it to you on level 3 of the Swamp)
 20277 | Swamp:4  | Noticed a thorn hunter
 20291 | Swamp:4  | Killed a thorn hunter
 20503 | Swamp:4  | Reached XP level 15. HP: 120/132 MP: 25/25
 20571 | Swamp:4  | Noticed Agnes
 20579 | Swamp:4  | Reached skill level 19 in Maces & Flails
 20581 | Swamp:4  | Killed Agnes
 21172 | Swamp:5  | Entered Level 5 of the Swamp
 21304 | Swamp:5  | Received a gift from Trog
 21469 | Swamp:5  | Noticed an azure jelly
 21477 | Swamp:5  | Killed an azure jelly
 21563 | Swamp:5  | Got a decaying rune of Zot
 21811 | Swamp:5  | Identified a +5 rod of the swarm (11/11) (You acquired it on level 5 of the Swamp)
 23078 | Lair:4   | Reached skill level 20 in Maces & Flails
 23254 | Lair:4   | Found a labyrinth entrance.
 23264 | Lab      | Entered a labyrinth
 23526 | Lab      | Identified Acich's Incunabulum of the Voyage and Enhancements
 23529 | Lab      | Identified the Reference Book on Sinister Good Luck
 23865 | Lair:5   | Found a staircase to the Snake Pit.
 24004 | Lair:5   | Received a gift from Trog
 24007 | Lair:5   | Got an ichor-stained arbalest {god gift}
 24008 | Lair:5   | Identified the +7 arbalest "Woik" {elec, +Inv Int+3} (Trog gifted it to you on level 5 of the Lair of Beasts)
 24756 | Snake:1  | Entered Level 1 of the Snake Pit
 24867 | Snake:1  | Reached XP level 16. HP: 127/140 MP: 27/27
 25186 | Snake:1  | Received a gift from Trog
 25387 | Snake:1  | Got a smoking buckler
 25395 | Snake:1  | Found a frozen archway.
 25417 | IceCv    | Entered an ice cave
 25711 | IceCv    | Noticed Minkie's ghost (mighty MfGl)
 25747 | IceCv    | Killed Minkie's ghost
 26309 | IceCv    | Noticed an Ice Fiend
 26334 | IceCv    | Killed an Ice Fiend
 27082 | Snake:2  | Identified the +0 buckler of the Catfish {+Inv +Fly Str+1} (You acquired it on level 1 of the Snake Pit)
 27485 | Snake:2  | Received a gift from Trog
 28400 | Snake:3  | Reached skill level 15 in Armour
 28473 | Snake:3  | Got a sparkling bone amulet
 28474 | Snake:3  | Identified the amulet of Vimepn {Faith Str+1 Int-3} (You found it on level 3 of the Snake Pit)
 28542 | Snake:3  | Noticed Aizul
 28555 | Snake:3  | Killed Aizul
 28676 | Snake:3  | Noticed Asterion
 28681 | Snake:3  | Noticed a spectral weapon
 28684 | Snake:3  | Killed Asterion
 29334 | Snake:4  | Got an encrusted cloak
 29335 | Snake:4  | Identified the -2 cloak "Xumiosef" {Int+4 Dex-4 Slay+6} (You acquired it on level 4 of the Snake Pit)
 29471 | Snake:4  | Received a gift from Trog
 29559 | Snake:4  | Reached skill level 15 in Dodging
 29599 | Snake:4  | Reached XP level 17. HP: 150/152 MP: 28/28
 30060 | Snake:5  | Entered Level 5 of the Snake Pit
 30273 | Snake:5  | Found Huys' Armour Shop.
 30301 | Snake:5  | Found a burning altar of Makhleb.
 30306 | Snake:5  | Got a pair of steaming gloves
 30318 | Snake:5  | Identified the +2 pair of gloves "Pnorarat" {+Blink +Fly rN+} (You acquired it on level 5 of the Snake Pit)
 30445 | Snake:5  | Received a gift from Trog
 30559 | Snake:5  | Received a gift from Trog
 30668 | Snake:5  | Reached skill level 15 in Fighting
 30841 | Snake:5  | Received a gift from Trog
 31057 | Snake:5  | Got a serpentine rune of Zot
 31340 | Snake:5  | Reached XP level 18. HP: 163/163 MP: 30/30
 31473 | Snake:5  | Received a gift from Trog
 32093 | Vaults:1 | Entered Level 1 of the Vaults
 33352 | Vaults:1 | Received a gift from Trog
 33514 | Vaults:2 | Noticed bones' ghost (mighty DDBe)
 33546 | Vaults:2 | Killed bones' ghost
 33744 | Vaults:2 | Found a staircase to the Crypt.
 34414 | Vaults:2 | Found Wataasmu's Gadget Shop.
 34943 | Vaults:3 | Reached XP level 19. HP: 167/174 MP: 32/32
 34946 | Vaults:3 | Received a gift from Trog
 35040 | Vaults:3 | Received a gift from Trog
 35086 | Vaults:3 | Reached skill level 15 in Evocations
 35593 | Vaults:3 | Got a brightly glowing hat
 35604 | Vaults:3 | Identified the +2 hat of Sihuawil {rPois rF+ rCorr} (You found it on level 3 of the Vaults)
 35712 | Vaults:3 | Received a gift from Trog
 35808 | Vaults:3 | Found a portal to a secret trove of treasure.
 36733 | Vaults:4 | Got a steaming steel ring
 36735 | Vaults:4 | Identified the ring "Oklus" {SustAb -Cast Int+1 SInv} (You found it on level 4 of the Vaults)
 36811 | Vaults:4 | Received a gift from Trog
 37393 | Vaults:5 | Entered Level 5 of the Vaults
 37393 | Vaults:5 | Noticed a golden dragon
 37411 | Vaults:4 | Reached XP level 20. HP: 112/187 MP: 33/33
 37422 | Vaults:4 | Killed a golden dragon
 38230 | Vaults:5 | Got a silver rune of Zot
 38240 | Vaults:5 | Gained mutation: You are frail (-10% HP). [a shining eye]
 38245 | Vaults:5 | Received a gift from Trog
 38544 | Vaults:5 | Got a transparent plate armour
 38555 | Vaults:5 | Identified the +6 plate armour of Patterns {Str+3 Dex+4} (You found it on level 5 of the Vaults)
 38727 | Vaults:5 | Noticed a golden dragon
 38734 | Vaults:5 | Killed a golden dragon
 38863 | Vaults:5 | Noticed an ancient lich
 38871 | Vaults:5 | Killed an ancient lich
 38886 | Vaults:5 | Received a gift from Trog
 38891 | Vaults:5 | Reached XP level 21. HP: 112/176 MP: 34/34
 39039 | Vaults:5 | Lost mutation: You are resistant to hostile enchantments. [mutagenic meat]
 39265 | Vaults:5 | Lost mutation: You tend to lose your temper in combat. [mutagenic meat]
 39350 | Vaults:5 | Noticed a golden dragon
 39371 | Vaults:5 | Killed a golden dragon
 39858 | Vaults:5 | Got a brightly glowing gold dragon armour
 39869 | Vaults:5 | Identified the +1 gold dragon armour "Datz" {rPois rF+ rC+ Str+2} (You found it on level 5 of the Vaults)
 40659 | Depths:1 | Entered Level 1 of the Depths
 40678 | D:15     | Received a gift from Trog
 40695 | D:15     | Gained mutation: You can spit moderately strong poison. [mutagenic meat]
 40696 | D:15     | Gained mutation: You can breathe flames. [mutagenic meat]
 40698 | D:15     | Lost mutation: You are agile. (Dex +2) [mutagenic meat]
 40699 | D:15     | Gained mutation: Potions and wands are less effective at restoring your health. [mutagenic meat]
 40700 | D:15     | Lost mutation: You have a somewhat thin skeletal structure (Dex +2, Stealth). [mutagenic meat]
 40701 | D:15     | Lost mutation: Your spells are easier to cast, but less powerful. [mutagenic meat]
 40702 | D:15     | Gained mutation: You have a somewhat thin skeletal structure (Dex +2, Stealth). [mutagenic meat]
 40725 | D:15     | Gained mutation: Your natural rate of healing is unusually fast. [mutagenic meat]
 40764 | D:15     | Gained mutation: You can spit strong poison. [mutagenic meat]
 40765 | D:15     | Lost mutation: You have a somewhat thin skeletal structure (Dex +2, Stealth). [mutagenic meat]
 40766 | D:15     | Lost mutation: You are partially covered in yellow scales (AC +2). [mutagenic meat]
 40768 | D:15     | Gained mutation: You have a pair of large horns on your head. [mutagenic meat]
 40769 | D:15     | Lost mutation: Your spells are a little easier to cast, but a little less powerful. [potion of cure mutation]
 40769 | D:15     | Lost mutation: Potions and wands are less effective at restoring your health. [potion of cure mutation]
 40769 | D:15     | Lost mutation: You can spit strong poison. [potion of cure mutation]
 40769 | D:15     | Lost mutation: You have a pair of large horns on your head. [potion of cure mutation]
 40769 | D:15     | Lost mutation: You can breathe flames. [potion of cure mutation]
 40769 | D:15     | Lost mutation: You are frail (-10% HP). [potion of cure mutation]
 41520 | Orc:1    | Entered Level 1 of the Orcish Mines
 41697 | Orc:1    | Received a gift from Trog
 42423 | Orc:3    | Found a staircase to the Elven Halls.
 42594 | Orc:3    | Received a gift from Trog
 42775 | Orc:4    | Entered Level 4 of the Orcish Mines
 43115 | Orc:4    | Received a gift from Trog
 43262 | Orc:4    | Found Trieril's Antique Armour Emporium.
 43262 | Orc:4    | Found Maonular's Distillery.
 43262 | Orc:4    | Found Tiynia's Armour Boutique.
 43262 | Orc:4    | Found Kaociut's Food Emporium.
 43282 | Orc:4    | Bought a potion of haste for 180 gold pieces
 43554 | Depths:1 | Received a gift from Trog
 43663 | Depths:1 | Found a gateway to a ziggurat.
 44124 | Depths:1 | Received a gift from Trog
 44173 | Depths:1 | Found a gateway to Hell.
 44188 | Depths:1 | Reached XP level 22. HP: 209/209 MP: 36/36
 44634 | Depths:2 | Reached skill level 21 in Armour
 44882 | Depths:2 | Noticed Norris
 44896 | Depths:2 | Paralysed by Norris for 7 turns
 44905 | Depths:2 | Killed Norris
 45061 | Depths:2 | Received a gift from Trog
 45334 | Depths:2 | Found a glowing golden altar of the Shining One.
 46534 | Depths:3 | Noticed an ancient lich
 46543 | Depths:3 | Killed an ancient lich
 46657 | Depths:3 | Received a gift from Trog
 46727 | Depths:3 | Paralysed by a giant eyeball for 4 turns
 46741 | Depths:3 | Paralysed by a giant eyeball for 3 turns
 46752 | Depths:3 | Found a one-way gate leading to the halls of Pandemonium.
 47717 | Lair:1   | Identified the +8 shield of Ru's Whim {Str+3 Dex+3} (You found it on level 14 of the Dungeon)
 48145 | Depths:4 | Found a one-way gate to the infinite horrors of the Abyss.
 48205 | Depths:4 | Found a gateway to a ziggurat.
 48254 | Depths:4 | Received a gift from Trog
 48286 | Depths:4 | Found a flickering gateway to a bazaar.
 48294 | Bazaar   | Entered a bazaar
 48307 | Bazaar   | Found Taalurat's Antique Weapon Emporium.
 48307 | Bazaar   | Found Suankuu's Distillery.
 48325 | Bazaar   | Bought a potion of beneficial mutation for 350 gold pieces
 48343 | Bazaar   | Found Suru's Book Shoppe.
 48343 | Bazaar   | Found Wuesajam's Weapon Shoppe.
 48387 | Bazaar   | Bought a potion of haste for 100 gold pieces
 48387 | Bazaar   | Bought a potion of curing for 30 gold pieces
 48387 | Bazaar   | Bought a potion of heal wounds for 50 gold pieces
 48387 | Bazaar   | Bought a potion of invisibility for 80 gold pieces
 48387 | Bazaar   | Bought a potion of haste for 100 gold pieces
 48387 | Bazaar   | Bought 2 potions of might for 80 gold pieces
 48387 | Bazaar   | Bought a potion of heal wounds for 50 gold pieces
 48387 | Bazaar   | Bought a potion of might for 40 gold pieces
 48389 | Bazaar   | Gained mutation: Your flesh is cold resistant. [potion of beneficial mutation]
 48527 | Depths:4 | Reached XP level 23. HP: 187/218 MP: 37/37
 48744 | Depths:4 | Reached skill level 22 in Armour
 48781 | Depths:4 | Received a gift from Trog
 49524 | Depths:5 | Entered Level 5 of the Depths
 49575 | Depths:5 | Found Pupot's General Store.
 49592 | Depths:5 | Bought a scroll of fog for 36 gold pieces
 49592 | Depths:5 | Bought a scroll of blinking for 135 gold pieces
 49592 | Depths:5 | Bought a scroll of blinking for 135 gold pieces
 49747 | Depths:5 | Found a shattered altar of Ashenzari.
 49778 | Depths:5 | Noticed Jory
 49810 | Depths:5 | Killed Jory
 49914 | Depths:5 | Received a gift from Trog
 50057 | Depths:5 | Found a gate to the Realm of Zot.
 50067 | Zot:1    | Entered Level 1 of the Realm of Zot
 51128 | Zot:5    | Entered Level 5 of the Realm of Zot
 51192 | Zot:5    | Reached XP level 24. HP: 228/231 MP: 38/38
 51282 | Zot:5    | Received a gift from Trog
 51668 | Zot:5    | Reached skill level 23 in Armour
 52158 | Zot:5    | Noticed an orb of fire
 52159 | Zot:5    | Noticed an orb of fire
 52159 | Zot:5    | Noticed an orb of fire
 52182 | Zot:5    | Killed an orb of fire
 52184 | Zot:5    | Gained mutation: You are weak. (Str -2) [an orb of fire]
 52185 | Zot:5    | Gained mutation: Your magical capacity is low (-10% MP). [an orb of fire]
 52186 | Zot:5    | Gained mutation: You are dopey. (Int -2) [an orb of fire]
 52193 | Zot:5    | Killed an orb of fire
 52421 | Zot:5    | Noticed an orb of fire
 52432 | Zot:5    | Gained mutation: Your body is slowly deteriorating. [an orb of fire]
 52439 | Zot:5    | Gained mutation: You have difficulty communicating with the divine. [an orb of fire]
 52443 | Zot:5    | Killed an orb of fire
 52444 | Zot:5    | Noticed an ancient lich
 52453 | Zot:5    | Killed an ancient lich
 52639 | Zot:5    | Noticed an orb of fire
 52654 | Zot:5    | Killed an orb of fire
 52709 | Zot:5    | Noticed an orb of fire
 52728 | Zot:5    | Killed an orb of fire
 52780 | Zot:5    | Noticed an orb of fire
 52794 | Zot:5    | Killed an orb of fire
 52926 | Zot:5    | Reached XP level 25. HP: 120/240 MP: 4/35
 52985 | Zot:5    | Noticed an ancient lich
 52987 | Zot:5    | Gained mutation: Scrolls take you a little longer to read. [an orb of fire]
 52995 | Zot:5    | Killed an orb of fire
 53000 | Zot:5    | Killed from afar by a spellforged servitor

Action                   |  1- 3 |  4- 6 |  7- 9 | 10-12 | 13-15 | 16-18 | 19-21 | 22-24 | 25-27 || total
-------------------------+-------+-------+-------+-------+-------+-------+-------+-------+-------++-------
Melee: Mace              |    80 |    44 |       |       |       |       |       |       |       ||   124
       Morningstar       |       |    39 |   354 |       |       |       |       |       |       ||   393
       Flail             |       |    27 |       |       |       |       |       |       |       ||    27
       Great mace        |       |       |    29 |   525 |  1062 |  1381 |  1423 |  1768 |     8 ||  6196
Invok: Berserk           |       |     1 |     3 |     3 |     3 |     6 |     1 |     7 |     1 ||    25
       Trog's Hand       |       |       |       |     1 |     7 |    10 |     3 |     5 |     2 ||    28
       Brothers in Arms  |       |       |       |     1 |     1 |     2 |       |       |       ||     4
       Burn Spellbooks   |       |       |       |       |     6 |     3 |     4 |     8 |       ||    21
 Abil: Evoke Blink       |       |       |       |       |       |     1 |     1 |     1 |       ||     3
       Evoke Flight      |       |       |       |       |       |       |       |     5 |       ||     5
       Spit Poison       |       |       |       |       |       |       |       |     1 |       ||     1
Evoke: Wand              |       |       |       |       |       |     1 |     1 |     1 |       ||     3
  Use: Scroll            |       |       |    10 |    22 |     8 |    15 |     9 |    15 |       ||    79
       Potion            |       |       |     1 |       |       |     1 |     6 |     5 |       ||    13
 Stab: Confused          |       |       |       |       |     1 |       |       |       |       ||     1
  Eat: Chunk             |     2 |     6 |    17 |    33 |    50 |    44 |    47 |    31 |       ||   230
       Pizza             |       |       |     1 |       |     1 |     1 |     1 |       |       ||     4
       Beef jerky        |       |       |       |     3 |       |     1 |     4 |     1 |       ||     9
       Meat ration       |       |       |       |       |       |     1 |       |     2 |       ||     3
       Fruit             |       |       |       |       |       |       |     4 |       |       ||     4
